cohdb
Replays
Latest Replays
All Replays
Popular Replays
Top Player Replays
Match Explorer
How It Works
Community
CoH3 Stats
Reddit
Sign in to upload your games and track your stats! →
Sign in with Steam
Match 38396346
Unlisted
Match 38396346
Overview
Messages
Build Orders
End
Engineer Squad
Selects Special Operations Battlegroup
Selects M29 Weasel Recon Vehicle
M29 Weasel Recon Vehicle
Construct Weapon Support Center
M1919 Machine Gun Team
Bazooka Squad
Mechanized Support Center
M16 Multiple Gun Motor Carriage
Selects Raiding Flares
Sniper
Selects SSF Commando Squad
SSF Commando Squad
Designate Forward Repair Station
SSF Commando Squad
Construct Tank Depot
M4A1 Sherman Medium Tank
M4A1 76mm Conversion
Selects Air Re-supply Operation
Improvised Armor
Air Re-Supply Operation
Selects Mark Vehicle
Selects UNKNOWN (2162291)
M4A1 Sherman Whizbang
M4A1(76) Sherman Medium Tank
Raiding Flares
M4A1(76) Sherman Medium Tank
Rapid Repairs
Raiding Flares
Stormless
Grunka Lunka
LEV-Detahaven
Tenshi
0
0
Comments
sign in to comment!
No comments posted yet!